 Dungeon Crawl Stone Soup version 0.23.1-37-gaa34b87b72 (webtiles) character file.

Game seed: 11741578906798778167

431 Marnok the Chopper (level 6, -1/53 HPs)
             Began as a Minotaur Fighter on Mar 23, 2019.
             Slain by a river rat (3 damage)
             ... in a sewer.
             The game lasted 00:10:41 (1285 turns).

Marnok the Chopper (Minotaur Fighter)               Turns: 1285, Time: 00:10:41

Health: -1/53      AC:  7    Str: 23    XL:     6   Next: 66%
Magic:  5/5        EV:  9    Int:  5    God:
Gold:   126        SH: 10    Dex:  9    Spells: 5/5 levels left

rFire    . . .     SeeInvis .   a - +0 war axe
rCold    . . .     Gourm    .   c - +0 shield
rNeg     . . .     Faith    .   j - +1 ring mail
rPois    .         Spirit   .   (helmet restricted)
rElec    .         Reflect  .   (no cloak)
rCorr    .         Harm     .   (no gloves)
MR       .....                  (no boots)
Stlth    ..........             (no amulet)
HPRegen  0.17/turn              (no ring)
MPRegen  0.09/turn              (no ring)

@: lethally poisoned (-1 -> -2)
A: retaliatory headbutt, horns 2
a: no special abilities


You were in a sewer.
You were hungry.

You visited 1 branch of the dungeon, and saw 3 of its levels.
You also visited: Sewer.

You collected 126 gold pieces.

Inventory:

Hand Weapons
 a - a +0 war axe (weapon)
 l - a +1 vampiric dagger
 m - a +1 dagger of draining
 r - a +0 hand axe of chopping
 t - a +0 mace
Missiles
 h - 2 tomahawks (quivered)
Armour
 b - a +0 scale mail
 c - a +0 shield (worn)
 j - a +1 ring mail (worn)
Wands
 n - a wand of polymorph (5)
 s - a wand of random effects (12)
Scrolls
 e - a scroll of fog
 i - a scroll of enchant weapon {unknown}
 k - 2 scrolls of identify
 p - a scroll of remove curse
 q - a scroll of magic mapping {unknown}
Potions
 g - 3 potions of lignification
Comestibles
 d - 4 chunks of flesh
 f - 4 rations


   Skills:
 + Level 4.6 Fighting
 + Level 5.8 Axes
 + Level 4.7 Armour
 + Level 2.1 Dodging
 + Level 4.8 Shields
 + Level 1.5 Unarmed Combat
 + Level 0.3 Evocations


You had 5 spell levels left.
You didn't know any spells.
Your spell library was empty.

Dungeon Overview and Level Annotations

Branches:
Dungeon (3/15)

Altars:
Fedhas
Xom


Innate Abilities, Weirdness & Mutations

You reflexively headbutt those who attack you in melee.
You have a pair of horns on your head.


Message History

You barely miss the river rat. You slash the rat!
You kill the rat!
You slash the rat!
You kill the rat!
You closely miss the river rat. The river rat bites you.
* * * LOW HITPOINT WARNING * * *
You closely miss the rat. You headbutt the rat.
The rat is severely wounded.
You hit the river rat.
* * * LOW HITPOINT WARNING * * *
You feel sick. The river rat completely misses you.
The rat bites you but does no damage.
The river rat bites you but does no damage.
You slash the rat!
You kill the rat!
You hit the river rat. You block the river rat's attack.
You hit the rat.
You kill the rat!
You hit the river rat but do no damage. The river rat bites you.
You die...

#..#...≈≈≈≈≈≈
#......≈≈≈≈≈
#......≈≈≈≈≈
##......≈≈≈≈....
##.......≈≈≈....
##........≈≈≈....
##....r...≈≈≈.....
#r†#...r...≈≈≈....
#@###rrr..≈≈≈.....
#∩###....†≈≈≈≈....
####......≈≈≈...#
##.÷...≈≈≈≈≈.##
#...†..≈≈≈≈.≈#
##.....≈≈≈≈≈≈≈.#
#.......≈≈≈≈≈....
#......≈≈≈≈≈≈....
#.....≈≈≈≈≈≈≈....


You could see a river rat.

Vanquished Creatures
  Grinder (D:3)
  Ijyb (D:3)
  An orc wizard (D:3)
  Robin (D:3)
  4 river rats (Sewer)
  4 adders
  3 dart slugs
  3 leopard geckos
  6 orcs (D:3)
  A ball python (D:3)
  7 bats
  4 giant cockroaches
  15 goblins
  6 hobgoblins
  7 jackals
  10 kobolds
  2 quokkas (D:3)
  5 frilled lizards
  15 rats
96 creatures vanquished.

Notes
Turn   | Place    | Note
-------+----------+-------------------------------------------
     0 | D:1      | Marnok the Minotaur Fighter began the quest for the Orb.
     0 | D:1      | Reached XP level 1. HP: 19/19 MP: 0/0
   169 | D:1      | Reached XP level 2. HP: 26/27 MP: 1/1
   594 | D:1      | Reached skill level 3 in Axes
   594 | D:1      | Reached XP level 3. HP: 33/33 MP: 2/2
   736 | D:3      | Found a blossoming altar of Fedhas.
   757 | D:3      | Reached XP level 4. HP: 40/40 MP: 3/3
   947 | D:3      | Found a shimmering altar of Xom.
   948 | D:3      | Noticed Ijyb
   962 | D:3      | Noticed Grinder
   963 | D:3      | Paralysed by Grinder for 3 turns
   973 | D:3      | Killed Ijyb
   973 | D:3      | Reached skill level 4 in Axes
   984 | D:3      | Killed Grinder
   984 | D:3      | Reached skill level 5 in Axes
   984 | D:3      | Reached skill level 1 in Dodging
   984 | D:3      | Reached skill level 1 in Unarmed Combat
   984 | D:3      | Reached XP level 5. HP: 32/47 MP: 4/4
   984 | D:3      | Reached XP level 6. HP: 37/53 MP: 5/5
  1028 | D:3      | Found a glowing drain.
  1033 | D:3      | Noticed Robin
  1046 | D:3      | Killed Robin
  1063 | Sewer    | Entered a sewer
  1282 | Sewer    | HP: 2/53 [river rat (1)]
  1285 | Sewer    | Slain by a river rat

Skill      XL: |  1  2  3  4  5  6 |
---------------+-------------------+-----
Armour         | 4 |  4.7
Axes           | 3 5 |  5.8
Fighting       | 4 |  4.6
Shields        | 4 |  4.8
Dodging        | 1 2 |  2.1
Unarmed Combat | 1 |  1.5
Evocations     | |  0.3

Action                   |  1- 3 |  4- 6 || total
-------------------------+-------+-------++-------
Melee: War axe           |    75 |    80 ||   155
       Headbutt          |     7 |     8 ||    15
       Unarmed           |       |    24 ||    24
Evoke: Wand              |       |     1 ||     1
  Use: Potion            |     4 |     3 ||     7
       Scroll            |       |     4 ||     4
  Eat: Chunk             |       |     1 ||     1
Armor: Scale mail        |    42 |       ||    42
       Ring mail         |    11 |    44 ||    55
       Skin              |    32 |    28 ||    60
Dodge: Dodged            |    24 |    76 ||   100
Block: Shield            |    54 |    66 ||   120
